AoeStats
← Comend x comend

Arena

507157225Analyzed
3v3 RM · 14d ago on Sep 16, 2026· 45m 3s· 6 players
Game mode
Random Map
Map size
Normal (6 player)
Population
200
Speed
Normal
Resources
Standard
Victory
Conquest
Starting age
Dark Age
Ending age
Imperial Age
RankedLock teamsTeams togetherTeam positionsShared explorationLock speedFull tech treeHidden civsTurbo modeCheats
Victory
Defeat
🇸🇪 Vikings · Sweden
1384
+15
🇬🇧 Turks · United Kingdom
1335
+17
🇦🇷 Japanese · Argentina
1322
+18
🇪🇸 Goths · Spain
1384
-18
🇵🇪 Malay · Peru
1375
-17
🇦🇷 Persians · Argentina
1329
-15
Mishilover
10:04 Feudal Age
13:38 Castle Age
12:29 Double-Bit Axe
13:11 Horse Collar
14:44 Bow Saw
15:36 Wheelbarrow
17:11 Town Watch
17:13 Loom
20:39 Hand Cart
22:33 Gold Mining
22:50 Heavy Plow
27:51 Imperial Age
25:33 Scale Mail Armor
25:41 Scale Barding Armor
25:46 Forging
26:19 Gold Shaft Mining
26:21 Bloodlines
26:11 Husbandry
26:57 Chain Barding Armor
28:49 Plate Barding Armor
28:15 Padded Archer Armor
27:41 Light Cavalry
27:50 Cavalier
29:44 Two-Man Saw
29:52 Iron Casting
30:20 Padded Archer Armor
29:44 Savar
31:59 Blast Furnace
32:33 Fletching
33:12 Heavy Camel Rider
39:26 Light Cavalry
40:35 Hussar
40:38 Capped Ram
41:31 Siege Ram
42:30 Hussar
43:00 Hussar
Comend x comend
2:23 Loom
10:26 Feudal Age
14:53 Loom
17:53 Castle Age
16:25 Man-at-Arms
23:30 Long Swordsman
36:22 Imperial Age
Garabatov
11:43 Feudal Age
12:35 Double-Bit Axe
12:34 Horse Collar
12:43 Loom
15:27 Castle Age
17:35 Wheelbarrow
17:29 Bow Saw
20:23 Heavy Plow
24:21 Scale Mail Armor
25:06 Hand Cart
25:10 Forging
25:31 Squires
27:09 Stone Mining
27:11 Gold Mining
27:40 Town Watch
27:49 Man-at-Arms
29:10 Stone Shaft Mining
31:33 Imperial Age
28:55 Long Swordsman
30:17 Chain Mail Armor
30:45 Iron Casting
30:45 Town Patrol
32:15 Perfusion
32:45 Conscription
32:14 Two-Handed Swordsman
33:57 Blast Furnace
32:49 Fletching
32:49 Champion
37:00 Pikeman
37:38 Bodkin Arrow
38:15 Crop Rotation
38:53 Two-Man Saw
38:11 Capped Ram
38:18 Halberdier
MasterProber
9:55 Feudal Age
14:29 Castle Age
12:37 Double-Bit Axe
13:35 Horse Collar
23:54 Bow Saw
23:53 Heavy Plow
26:47 Wheelbarrow
28:45 Forging
28:47 Bloodlines
28:37 Husbandry
31:26 Imperial Age
29:29 Scale Barding Armor
30:04 Loom
30:11 Gold Mining
30:12 Stone Mining
31:31 Chain Barding Armor
31:47 Iron Casting
31:59 Hand Cart
32:45 Iron Casting
32:31 Conscription
31:32 Heavy Camel Rider
34:20 Plate Barding Armor
35:10 Two-Man Saw
34:57 Gold Shaft Mining
35:56 Bombard Tower
36:43 Blast Furnace
35:33 Fletching
37:06 Bodkin Arrow
37:47 Bracer
38:26 Sipahi
38:49 Parthian Tactics
38:41 Thumb Ring
38:59 Heavy Cavalry Archer
41:57 Padded Archer Armor
43:57 Coinage
43:59 Treadmill Crane
44:57 Artillery
Jardel
10:23 Feudal Age
14:39 Castle Age
12:33 Double-Bit Axe
13:37 Horse Collar
18:44 Loom
20:28 Bow Saw
23:07 Heavy Plow
28:40 Imperial Age
28:15 Scale Mail Armor
27:37 Man-at-Arms
28:34 Town Watch
28:26 Long Swordsman
28:52 Gambesons
29:09 Squires
29:26 Chain Mail Armor
29:12 Two-Handed Swordsman
29:20 Capped Ram
30:14 Champion
31:49 Pikeman
33:17 Plate Mail Armor
33:08 Siege Ram
34:01 Arson
35:44 Conscription
39:00 Forging
41:43 Fletching
42:32 Chieftains
aldyto1994
7:00 Loom
9:17 Feudal Age
10:10 Town Watch
11:37 Fletching
11:45 Double-Bit Axe
13:13 Horse Collar
17:06 Wheelbarrow
22:39 Castle Age
22:41 Scale Mail Armor
22:13 Man-at-Arms
23:21 Gambesons
23:37 Squires
24:28 Long Swordsman
26:23 Heavy Plow
28:13 Bow Saw
31:28 Murder Holes
31:39 Bodkin Arrow
32:36 Pikeman
34:36 Arson
35:08 Town Patrol
35:26 Chain Mail Armor
37:28 Fortified Wall
39:54 Imperial Age
39:09 Forging
40:00 Halberdier
41:31 Iron Casting
41:52 Conscription
Connection lost

Rejoining the realm…

Still unreachable

The connection could not be restored.

Session expired

The server has moved on; the page needs a fresh start.